 Dungeon Crawl Stone Soup version 0.29-a0-901-g46a8461d6a (webtiles) character file.

Game seed: 4593188307783087780

319 Aviak the Shield-Bearer (level 6, -4/49 HPs)
             Began as a Formicid Fighter on July 23, 2022.
             Slain by a water moccasin simulacrum (13 damage)
             ... on level 3 of the Dungeon.
             The game lasted 00:03:50 (2963 turns).

Aviak the Shield-Bearer (Formicid Fighter)          Turns: 2963, Time: 00:03:50

Health: -4/49      AC: 16    Str: 22    XL:     6   Next: 74%
Magic:  6/6        EV: 10    Int:  8    God:
Gold:   122        SH:  5    Dex: 13    Spells: 5/5 levels left

rFire   . . .      SeeInvis +   a - +0 flail
rCold   . . .      Faith    .   l - +0 buckler
rNeg    . . .      Spirit   .   s - +0 plate armour
rPois   .          Reflect  .   (helmet unavailable)
rElec   .          Harm     .   (no cloak)
rCorr   .          Rampage  .   o - +2 pair of gloves
Will    .....                   t - +0 pair of boots
Stlth   ..........              (no amulet)
HPRegen 0.16/turn               E - +4 ring of evasion
MPRegen 0.10/turn               (no ring)

@: mighty, lethally poisoned (-4 -> -5)
A: permanent stasis, dig shafts and tunnels, antennae 3, four strong arms
a: Dig, Shaft Self


You were on level 3 of the Dungeon.
You visited 1 branch of the dungeon, and saw 3 of its levels.

You collected 122 gold pieces.

Inventory:

Hand Weapons
 a - a +0 flail (weapon)
Armour
 b - a +0 scale mail
 l - a +0 buckler (worn)
 o - a +2 pair of gloves (worn)
 q - a +0 chain mail
 s - a +0 plate armour (worn)
 t - a +0 pair of boots (worn)
Jewellery
 h - an amulet of faith {!P}
 E - a +4 ring of evasion (left hand)
Scrolls
 e - a scroll of immolation {unknown}
 f - 2 scrolls of blinking {unknown}
 j - a scroll of poison
 k - a scroll of magic mapping {unknown}
 p - 2 scrolls of teleportation {unknown}
 u - a scroll of fear {unknown}
Potions
 c - 3 potions of curing
 d - 2 potions of might
 g - 3 potions of brilliance
 m - a potion of heal wounds {unknown}
 n - 2 potions of mutation {unknown}
 r - a potion of magic {unknown}


   Skills:
 + Level 4.7 Fighting
 + Level 3.6 Maces & Flails
 + Level 4.8 Armour
 + Level 5.7 Shields


You had 5 spell levels left.
You didn't know any spells.
Your spell library contained the following spells:

 Spells                   Type           Power      Damage    Failure   Level
 Slow                     Hex            0%         N/A       100%        1
 Ensorcelled Hibernation  Hex/Ice        0%         N/A       100%        2
 Passwall                 Tmut/Erth      0%         N/A       100%        2
 Confusing Touch          Hex            0%         N/A       100%        3
 Vampiric Draining        Necr           0%         2d6       100%        3
 Swiftness                Air            Unusable   N/A       N/A         3

Dungeon Overview and Level Annotations

Branches:
Dungeon (3/15) Zot: 14978

Altars:
Kikubaaqudgha
Makhleb
Trog
Vehumet


Innate Abilities, Weirdness & Mutations

You cannot be hasted, slowed, berserked, paralysed or teleported.
You can dig through walls and to a lower floor.
You have a pair of large antennae on your head. (SInv)
Your four strong arms can wield two-handed weapons with a shield.


Message History

You feel very sick.
Gabibbone's ghost hits you but does no damage.
You are more poisoned.
You closely miss gabibbone's ghost.
Gabibbone's ghost is almost destroyed.
* * * LOW HITPOINT WARNING * * *
You feel very sick.
Gabibbone's ghost hits you but does no damage.
You are lethally poisoned!
Gabibbone's ghost hits you but does no damage.
You are more poisoned.
Unknown command.
You feel better.
Gabibbone's ghost hits you but does no damage.
You closely miss gabibbone's ghost.
Gabibbone's ghost is almost destroyed.
Gabibbone's ghost hits you but does no damage.
You are poisoned.
You closely miss gabibbone's ghost.
Gabibbone's ghost is almost destroyed.
You feel very sick.
Gabibbone's ghost whispers, "Death is liberation."
You block gabibbone's ghost's attack.
You thump gabibbone's ghost!
You destroy gabibbone's ghost!
You feel sick. The jackal simulacrum misses you.
You thump the jackal simulacrum!
The jackal simulacrum vaporises!
You feel sick.
The ball python simulacrum barely misses you.
You block the ball python simulacrum's attack.
You bludgeon the ball python simulacrum!!
The ball python simulacrum vaporises!
You feel sick.
You closely miss the water moccasin simulacrum.
You feel sick.
The water moccasin simulacrum bites you.
* * * LOW HITPOINT WARNING * * *
The water moccasin simulacrum freezes you!
You die...

#.# #.##....# ####...## ###.#####
##.##.##.## ##.....# ##.......#
#.........####.......
##.#(..#.####.........##.........
'........................###.....
##.#...#.####.##.....##### ##....
##.#.....# #.##...###..... #....
#.#####.# #.##..##.... .. ##..#
#.#####.# #.##@##....###. {#..#
#.......# #.##Z#Z...##...{{#..#
#######.# #....#....#...Z{##.##
#.# ###..'...##.{..{#..## #.#
#..'...#[.=..Z#.... ########.#
#..'...#$...#.##.## .........##
#..#...##.. #. #..# ..#..#.#..#
##.#....# { # .#..# ....##.##.#
#.##....# .?#...


You could see a water moccasin simulacrum and a hound simulacrum.

Vanquished Creatures
  The ghost of gabibbone the Trooper, an amateur DsNe (D:3)
  A crimson imp (D:3)
  Jessica (D:2)
  Natasha (thrice) (D:2)
  Robin (D:2)
  An adder (D:3)
  A white imp (D:3)
  2 worms
  A dart slug (D:3)
  2 orcs (D:3)
  2 ball pythons
  4 endoplasms
  4 giant cockroaches
  13 goblins
  8 hobgoblins
  2 quokkas (D:1)
  A ball python simulacrum (D:3)
  5 bats
  2 frilled lizards
  A jackal simulacrum (D:3)
  5 kobolds
  7 rats
68 creatures vanquished.

Notes
Turn   | Place    | Note
-------+----------+-------------------------------------------
     0 | D:1      | Aviak the Formicid Fighter began the quest for the Orb.
     0 | D:1      | Reached XP level 1. HP: 18/18 MP: 1/1
   193 | D:1      | Found a faded altar of an unknown god.
   301 | D:1      | Reached XP level 2. HP: 17/24 MP: 2/2
   884 | D:2      | Noticed Jessica
   901 | D:2      | Killed Jessica
   902 | D:2      | Reached XP level 3. HP: 21/30 MP: 3/3
  1015 | D:2      | Identified the +0 helmet of Vyedotwa {Contam rPois Str+4}
  1015 | D:2      | Noticed Robin
  1021 | D:2      | Killed Robin
  1022 | D:2      | Reached XP level 4. HP: 23/37 MP: 4/4
  1257 | D:2      | Noticed Natasha
  1262 | D:2      | Killed Natasha
  1438 | D:2      | Reached XP level 5. HP: 42/42 MP: 5/5
  1596 | D:2      | Reached skill level 5 in Shields
  1895 | D:2      | Noticed Natasha
  1906 | D:2      | Killed Natasha
  2130 | D:2      | Noticed Natasha
  2137 | D:2      | Killed Natasha
  2256 | D:3      | Noticed gabibbone's ghost (amateur DsNe)
  2316 | D:3      | Found a runed translucent gate.
  2316 | D:3      | Found a runed translucent gate.
  2316 | D:3      | Found a runed translucent gate.
  2497 | D:3      | Found a burning altar of Makhleb.
  2497 | D:3      | Found a radiant altar of Vehumet.
  2501 | D:3      | Reached XP level 6. HP: 47/49 MP: 6/6
  2546 | D:3      | Found an ancient bone altar of Kikubaaqudgha.
  2559 | D:3      | Found a bloodstained altar of Trog.
  2960 | D:3      | Killed gabibbone's ghost
  2963 | D:3      | Slain by a water moccasin simulacrum

Illustrated notes

Levels and vault maps discovered:
D:1:      eino_arrival_cavern_a, layout_loops_ring,
          ebering_ecumenical_altar_webs, minivault_27
D:2:      layout_basic, uniq_jessica, uniq_robin, uniq_natasha
D:3:      layout_loops_corners, grunt_temple_overflow_lords_of_destruction,
          lightli_temple_of_fire, mainiacjoe_overflow_alcove_2,
          gammafunk_ghost_icy, minmay_between

Skill      XL: |  1  2  3  4  5 |
---------------+----------------+-----
Fighting       | 4 |  4.7
Armour         | 4 |  4.8
Shields        | 5 |  5.7
Maces & Flails | 3 |  3.6

Action                   |  1- 3 |  4- 6 || total
-------------------------+-------+-------++-------
Melee: Flail             |    52 |   147 ||   199
  Use: Scroll            |       |     3 ||     3
       Potion            |       |     2 ||     2
Armor: Scale mail        |    17 |    36 ||    53
       Chain mail        |       |    14 ||    14
       Plate armour      |       |    19 ||    19
Dodge: Dodged            |    22 |    63 ||    85
Block: Buckler           |     9 |    43 ||    52

Table legend: (Time is in decaauts)
 A = Elapsed time spent in this place.
 B = Non-inter-level travel time spent in this place.
 C = Inter-level travel time spent in this place.
 D = Time resting spent in this place.
 E = Time spent auto-exploring this place.
 F = Levels seen in this place.
 G = Mean time per level.
                   A        B        C        D        E       F      G
               +--------+--------+--------+--------+--------+-----+--------+
         Total |   3019 |   2972 |     47 |      0 |   2392 |   3 | 1006.3 |
       Dungeon |   3019 |   2972 |     47 |      0 |   2392 |   3 | 1006.3 |
               +--------+--------+--------+--------+--------+-----+--------+

Top non-repeatable levels by time:
     D:2: 1303 daAuts
     D:1: 891 daAuts
     D:3: 825 daAuts
